 Dungeon Crawl Stone Soup version 0.21.0-26-g889b8f6 (webtiles) character file.

14631 Mimshu the Severer (level 11, 0/103 (104) HPs)
             Began as a Minotaur Berserker on Jan 27, 2018.
             Was a High Priest of Trog.
             Splashed by Urug's acid (10 damage)
             ... on level 11 of the Dungeon.
             The game lasted 00:44:18 (13075 turns).

Mimshu the Severer (Minotaur Berserker)            Turns: 13075, Time: 00:44:19

HP:   0/103 (104)   AC: 13    Str: 23    XL:     11   Next: 91%
MP:   10/10         EV:  8    Int:  4    God:    Trog [*****.]
Gold: 845           SH:  3    Dex: 12    Spells: 10/10 levels left

rFire    . . .     SeeInvis .   Q - +4 war axe of Wyrd {chop, rPois}
rCold    . . .     Gourm    .   (no shield)
rNeg     . . .     Faith    .   D - +1 plate armour
rPois    +         Spirit   .   L - +1 hat
rElec    .         Reflect  +   (no cloak)
rCorr    .         Harm     .   (no gloves)
MR       .....                  (no boots)
Stlth    ..........             J - +3 amulet of reflection
HPRegen  0.00/turn              (no ring)
MPRegen  0.12/turn              (no ring)

@: corroded, berserk cooldown, non-regenerating, diseased, slowed, very slow
A: retaliatory headbutt, horns 2
a: Berserk, Trog's Hand, Brothers in Arms, Burn Spellbooks, Renounce Religion


You were on level 11 of the Dungeon.
You worshipped Trog.
Trog was extremely pleased with you.
You were not hungry.

You visited 1 branch of the dungeon, and saw 11 of its levels.

You collected 845 gold pieces.

Inventory:

Hand Weapons
 m - a +3 vampiric scythe
 y - a +3 battleaxe of venom
 Q - the +4 war axe of Wyrd (weapon) {chop, rPois}
   (You found it on level 6 of the Dungeon)

   It inflicts extra damage upon your enemies.
   It protects you from poison.
 S - the +6 mace of Mubbufe {flame, Int+2 Dex+4, unknown}
   (You found it on level 6 of the Dungeon)

   It has been specially enchanted to burn those struck by it, causing extra
   injury to most foes and up to half again as much damage against particularly
   susceptible opponents.
   It affects your intelligence (+2).
   It affects your dexterity (+4).
 X - a +4 antimagic hand axe
Missiles
 l - 123 arrows
 o - 97 bolts
 t - 357 stones (quivered)
 v - 13 tomahawks
 A - 20 poisoned needles
Armour
 b - a +0 animal skin
 g - a +0 ring mail
 z - a +2 robe
 D - a +1 plate armour (worn)
 L - a +1 hat (worn)
Jewellery
 r - a +3 amulet of reflection
 H - an uncursed amulet of magic regeneration {unknown}
 J - a +3 amulet of reflection (around neck)
 P - an uncursed ring of protection from fire
 Z - an uncursed ring of poison resistance
Wands
 s - a wand of disintegration (10)
 w - a wand of iceblast (17)
 C - a wand of acid (6)
 G - a wand of clouds (5)
 I - a wand of flame (33)
 N - a wand of enslavement (9)
Scrolls
 a - a scroll of acquirement {unknown}
 d - 6 scrolls of remove curse
 e - a scroll of random uselessness
 h - 10 scrolls of identify
 u - a scroll of enchant armour
 x - 7 scrolls of immolation
 B - 2 scrolls of fear
 E - a scroll of noise
 F - a scroll of vulnerability {unknown}
 O - 2 scrolls of teleportation
 R - a scroll of holy word {unknown}
 T - 2 scrolls of enchant weapon
 U - a scroll of amnesia {unknown}
 V - a scroll of blinking
 W - a scroll of magic mapping {unknown}
Potions
 f - 4 potions of heal wounds {unknown}
 i - 3 potions of mutation {unknown}
 j - 2 potions of magic {unknown}
 k - 2 potions of cancellation {unknown}
 n - 2 potions of curing {unknown}
 p - a potion of berserk rage {unknown}
 q - 2 potions of haste {unknown}
 K - a potion of resistance {unknown}
Miscellaneous
 M - a box of beasts
Comestibles
 c - 10 rations
 Y - 4 chunks of flesh


   Skills:
 + Level 11.9 Fighting
 * Level 15.7 Axes
 - Level 2.1(10.8) Polearms
 + Level 11.7 Armour
 - Level 2.1 Dodging


You had 10 spell levels left.
You didn't know any spells.

Dungeon Overview and Level Annotations

Branches:
Dungeon (11/15)            Temple (0/1) D:7            Lair (0/6) D:9
    Orc (0/2) D:9

Altars:
Ashenzari
Dithmenos
Gozag
Nemelex Xobeh
Qazlal
Uskayaw
Xom
Yredelemnul

Shops:
D:4 =   D:8 (

Annotations:
D:11 Urug


Innate Abilities, Weirdness & Mutations

You reflexively headbutt those who attack you in melee.
You have a pair of horns on your head.


Message History

Urug shouts!
You hear an angry hiss.
Urug throws a javelin.
The javelin hits you but does no damage.
Items here: ( ))) [[ † Urug throws a javelin.
The javelin hits you.
Urug throws a javelin.
The javelin hits you.
You see here 2 javelins.
Found a yellow potion.
Urug throws a javelin.
The javelin hits you.
Urug zaps a wand.
The bolt of acid misses you.
It is a wand of acid (4).
You see here a javelin.
Urug throws a javelin.
The javelin barely misses you.
Urug throws a javelin.
The javelin hits you!!
* * * LOW HITPOINT WARNING * * *
You see here 2 javelins.
Urug zaps a wand.
The bolt of acid misses you.
Urug zaps a wand.
The bolt of acid hits you!
* * * LOW HITPOINT WARNING * * *
The acid corrodes you!
You are splashed with acid!
The acid burns!
You die...

############# . ..#
###.....#....!## #. #..
.#.............## #.#
..##................#
#..###..........@...(....#
.........................#
.....................(...#
....................o....#
.....>÷)..........>.....####.
######)###.#.................
#.# #..##......#(###..## #.##
#.####..#....###.# #).# #..#
#.....#..##.####


You could see Urug.

Vanquished Creatures
  A hydra (D:9)
  3 two-headed ogres
  2 unseen horrors (D:11)
  The ghost of Ashar the Cleaver, a novice DsBe of Trog (D:8)
  Pikel (D:4)
  The ghost of Agrougrou the Insei, a novice OpTm of Makhleb (D:5)
  Joseph (D:8)
  2 centaur skeletons
  2 hippogriffs (D:11)
  Sigmund (D:3)
  A basilisk (D:9)
  3 hogs (D:7)
  Eustachio (D:6)
  10 yaks
  A human (D:7)
  3 hungry ghosts
  A two-headed ogre zombie (D:9)
  A water moccasin (D:9)
  3 orc warriors
  A black bear (D:9)
  3 porcupines (D:9)
  An ice beast (D:10)
  An eye of draining (D:11)
  A sky beast (D:11)
  A necrophage (D:11)
  4 phantoms
  4 ogres
  2 centaurs
  2 crocodiles (D:9)
  4 bullfrogs
  2 wyvern zombies
  A wyvern skeleton (D:11)
  4 scorpions
  5 killer bees (D:7)
  2 troll zombies (D:9)
  15 wights
  8 howler monkeys
  3 crimson imps
  2 centaur zombies
  A quasit (D:11)
  A jelly (D:8)
  A bullfrog skeleton (D:6)
  2 hounds
  7 orc priests
  11 orc wizards
  Crazy Yiuf (D:6)
  7 iguanas
  5 worker ants
  5 ogre zombies (D:9)
  3 hound skeletons
  A howler monkey zombie (D:7)
  3 worker ant zombies
  Robin (D:2)
  A howler monkey skeleton (D:11)
  7 adders
  2 adder zombies
  A worm (D:4)
  10 dart slugs
  6 leopard geckos
  29 orcs
  8 bats
  2 giant cockroaches
  15 goblins
  11 hobgoblins
  9 jackals
  4 quokkas
  6 frilled lizards
  A goblin skeleton (D:9)
  A goblin zombie (D:9)
  2 hobgoblin zombies (D:9)
  A jackal zombie (D:7)
  4 kobolds
  A leopard gecko skeleton (D:4)
  A leopard gecko zombie (D:4)
  3 orc skeletons (D:9)
  18 orc zombies (D:9)
  A quokka zombie (D:9)
  14 rats
  A spectral orc (D:3)
  A plant (D:9)
  7 withered plants (D:4)
321 creatures vanquished.

Vanquished Creatures (others)
  2 slaves (D:4)
  2 hound skeletons (D:4)
  A leopard gecko (D:4)
  A jackal zombie (D:4)
  2 fungi (D:9)
  A plant (D:9)
9 creatures vanquished.

Grand Total: 330 creatures vanquished

Notes
Turn   | Place    | Note
-------+----------+-------------------------------------------
     0 | D:1      | Mimshu the Minotaur Berserker began the quest for the Orb.
     0 | D:1      | Reached XP level 1. HP: 19/19 MP: 0/0
   257 | D:1      | Reached skill level 4 in Axes
   283 | D:1      | Reached XP level 2. HP: 27/27 MP: 1/1
   534 | D:1      | Reached ** piety under Trog
   851 | D:1      | Reached XP level 3. HP: 33/33 MP: 2/2
  1324 | D:2      | Found a shattered altar of Ashenzari.
  1736 | D:2      | Noticed Robin
  1765 | D:2      | Killed Robin
  1765 | D:2      | Reached skill level 5 in Axes
  1765 | D:2      | Reached XP level 4. HP: 33/40 MP: 3/3
  1849 | D:2      | Reached *** piety under Trog
  2476 | D:3      | Reached XP level 5. HP: 43/47 MP: 4/4
  2644 | D:3      | Noticed Sigmund
  2773 | D:3      | Killed Sigmund
  2773 | D:3      | Reached skill level 5 in Fighting
  2773 | D:3      | Reached skill level 6 in Axes
  2773 | D:3      | Reached XP level 6. HP: 20/56 MP: 5/5
  3114 | D:3      | Found a basalt altar of Yredelemnul.
  3616 | D:4      | Reached skill level 1 in Polearms
  3708 | D:4      | Found a sparkling altar of Nemelex Xobeh.
  3708 | D:4      | Found a hide-covered altar of Uskayaw.
  3709 | D:4      | Found an opulent altar of Gozag.
  3742 | D:4      | Found Sefetuiw's Jewellery Emporium.
  3867 | D:4      | Reached skill level 7 in Axes
  3867 | D:4      | Reached skill level 5 in Armour
  3867 | D:4      | Reached XP level 7. HP: 54/62 MP: 6/6
  3973 | D:4      | Noticed Pikel
  3984 | D:4      | Killed Pikel
  3984 | D:4      | Reached skill level 8 in Axes
  3984 | D:4      | Reached XP level 8. HP: 71/71 MP: 7/7
  4655 | D:5      | Entered Level 5 of the Dungeon
  4679 | D:5      | Noticed Agrougrou's ghost (novice OpTm)
  4700 | D:5      | Killed Agrougrou's ghost
  4700 | D:5      | Reached skill level 9 in Axes
  5697 | D:6      | Noticed Eustachio
  5708 | D:6      | Killed Eustachio
  5708 | D:6      | Reached skill level 10 in Axes
  6031 | D:6      | Found a runed door.
  6095 | D:6      | Reached XP level 9. HP: 81/81 MP: 8/8
  6204 | D:6      | Got a fine war axe
  6205 | D:6      | Identified the +4 war axe of Wyrd {chop, rPois} (You found it on level 6 of the Dungeon)
  6455 | D:6      | Noticed Crazy Yiuf
  6458 | D:6      | Killed Crazy Yiuf
  6464 | D:6      | Got a twisted mace
  6575 | D:7      | Reached **** piety under Trog
  6592 | D:7      | Found a staircase to the Ecumenical Temple.
  6729 | D:7      | Reached skill level 11 in Axes
  7018 | D:7      | Found a stormy altar of Qazlal.
  7082 | D:7      | Found a shimmering altar of Xom.
  7898 | D:8      | Reached skill level 12 in Axes
  8328 | D:8      | Reached XP level 10. HP: 85/91 MP: 9/9
  8770 | D:8      | Noticed Joseph
  8779 | D:8      | Reached ***** piety under Trog
  8786 | D:8      | Killed Joseph
  8787 | D:8      | Noticed a two-headed ogre
  8792 | D:8      | Killed a two-headed ogre
  8833 | D:8      | Found Wutho's Weapon Shoppe.
  8949 | D:8      | Noticed Ashar's ghost (novice DsBe)
  8963 | D:8      | Killed Ashar's ghost
  8963 | D:8      | Reached skill level 10 in Fighting
  8963 | D:8      | Reached skill level 13 in Axes
  9528 | D:9      | Reached skill level 10 in Armour
  9758 | D:9      | Found a staircase to the Lair.
  9995 | D:9      | Received a gift from Trog
 10015 | D:9      | Reached skill level 14 in Axes
 10103 | D:9      | Reached XP level 11. HP: 97/101 MP: 10/10
 10159 | D:9      | Noticed an eight-headed hydra
 10165 | D:9      | Killed a 13-headed hydra
 10519 | D:9      | Found a staircase to the Orcish Mines.
 11434 | D:10     | Entered Level 10 of the Dungeon
 11951 | D:10     | Found a shadowy altar of Dithmenos.
 12423 | D:11     | Noticed a two-headed ogre
 12431 | D:11     | Killed a two-headed ogre
 12434 | D:11     | Killed an unseen horror
 12434 | D:11     | Reached skill level 15 in Axes
 12620 | D:11     | Noticed a two-headed ogre
 12630 | D:11     | Killed a two-headed ogre
 12674 | D:11     | Killed an unseen horror
 12676 | D:11     | Received a gift from Trog
 13060 | D:11     | Noticed Urug
 13075 | D:11     | Splashed by Urug's acid

Skill      XL: |  1  2  3  4  5  6  7  8  9 10 11 |
---------------+----------------------------------+-----
Axes           | 4 5 6 7 8 10 12 14 15 | 15.7
Fighting       | 4 5 6 7 9 10 11 | 11.9
Armour         | 3 4 5 6 7 8 10 11 | 11.7
Polearms       | 2 |  2.1
Dodging        | |  2.1

Action                   |  1- 3 |  4- 6 |  7- 9 | 10-12 || total
-------------------------+-------+-------+-------+-------++-------
Melee: Hand axe          |   110 |    32 |       |       ||   142
       Headbutt          |    14 |    20 |    64 |    88 ||   186
       War axe           |       |    57 |   227 |   397 ||   681
       Scythe            |       |    18 |       |       ||    18
       Battleaxe         |       |       |       |     6 ||     6
Invok: Berserk           |     1 |     3 |     6 |     4 ||    14
       Burn Spellbooks   |       |       |       |     1 ||     1
  Use: Scroll            |       |       |    11 |     7 ||    18
  Eat: Chunk             |     3 |     6 |     8 |     3 ||    20
       Ration            |       |     3 |     3 |     6 ||    12
Armor: Animal skin       |     1 |       |       |       ||     1
       Ring mail         |    32 |    16 |    35 |       ||    83
       Plate armour      |       |       |    32 |   156 ||   188
Dodge: Dodged            |    65 |    43 |    98 |   104 ||   310
Block: Other             |       |       |    10 |    34 ||    44
       Reflection        |       |       |     2 |       ||     2
